 Dungeon Crawl Stone Soup version bcrawl-1.21.3 (webtiles) character file.

Game seed: 3511160348198785877

5685 funkygono the Thaumaturge (level 10, -43/59 HPs)
             Began as a Fairy Conjurer on Mar 29, 2020.
             Was a Priest of Vehumet.
             Annihilated by a white very ugly thing (76 damage)
             ... on level 8 of the Dungeon.
             The game lasted 00:25:31 (8050 turns).

funkygono the Thaumaturge (Fairy Conjurer)          Turns: 8050, Time: 00:25:32

Health: -43/59     AC:  8    Str:  6    XL:     10   Next: 75%
Magic:  19/27      EV: 18    Int: 22    God:    Vehumet [***...]
Gold:   506        SH: 13    Dex: 13    Spells: 16/31 levels left

rFire    . . .     SeeInvis .   c - +1 dagger
rCold    x . .     Gourm    .   y - +2 buckler of Demons {rC- rN+ rCorr}
rNeg     + . .     Faith    +   (armour unavailable)
rPois    .         Spirit   .   u - +2 hat
rElec    .         Reflect  .   (no cloak)
rCorr    +         Harm     .   (no gloves)
MR       ++...                  (no boots)
Stlth    +.........             E - amulet of faith
HPRegen  0.19/turn              f - ring of wizardry
MPRegen  0.20/turn              a - ring of protection from magic

@: flying evasively
A: small, magic attunement, unstealthy, unfitting armour, able to fly, AC/SH +6
a: Stop Flying, Renounce Religion


You were on level 8 of the Dungeon.
You worshipped Vehumet.
Vehumet was most pleased with you.
You were not hungry.

You visited 2 branches of the dungeon, and saw 9 of its levels.

You collected 506 gold pieces.

Inventory:

Hand Weapons
 c - a +1 dagger (weapon)
 q - a +2 quarterstaff of speed
Missiles
 h - 1219 stones (quivered)
 w - a throwing net {!f}
Armour
 r - a +0 helmet
 u - a +2 hat (worn)
 y - the +2 buckler of Demons (worn) {rC- rN+ rCorr}
   (You took it off an orc wizard on level 5 of the Dungeon)

   It makes you vulnerable to cold.
   It protects you from negative energy.
   It provides partial protection from all sources of acid and corrosion.
Jewellery
 a - a ring of protection from magic (right hand)
 f - a ring of wizardry (left hand)
 l - an uncursed amulet of rage
 m - an uncursed amulet of guardian spirit
 E - an amulet of faith (around neck)
 I - the ring of Kesma {Wiz rElec Int+3 Dex+4}
   (You took it off a yaktaur on level 8 of the Dungeon)

   [ring of wizardry]

   It improves your spell success rate.
   It affects your intelligence (+3).
   It affects your dexterity (+4).
   It insulates you from electricity.
Wands
 D - a wand of digging (6)
 H - a wand of iceblast (9)
Scrolls
 j - 5 scrolls of teleportation
 o - 2 scrolls of amnesia
 p - 4 scrolls of blinking
 C - 2 scrolls of remove curse
 F - a scroll of magic mapping
 G - 2 scrolls of identify
Potions
 b - a potion of magic
 d - 2 potions of lignification
 g - 2 potions of curing
 i - a potion of resistance
 k - 2 potions of ambrosia
 n - 3 potions of cancellation
 s - 2 potions of might
 t - 2 potions of heal wounds
 v - 3 potions of mutation
 x - a potion of agility
 A - a potion of invisibility
 B - a potion of flight
Comestibles
 e - 18 rations {!d}


   Skills:
 + Level 1.4 Fighting
 + Level 1.3 Short Blades
 + Level 4.8 Dodging
 + Level 2.7 Stealth
 + Level 2.8 Shields
 + Level 11.2 Spellcasting
 + Level 11.1 Conjurations
 + Level 6.4 Fire Magic
 + Level 4.8 Earth Magic
 * Level 3.8 Poison Magic


You had 16 spell levels left.
You knew the following spells:

 Your Spells              Type           Power        Failure   Level  Hunger
a - Magic Dart            Conj           ####         1%          1    None
b - Searing Ray           Conj           ######..     1%          2    None
c - Iskenderun's Mystic   Conj           ######..     1%          3    None
d - Flame Tongue          Conj/Fire      #####        1%          1    None
e - Sandblast             Erth           ####..       1%          1    None
f - Stone Arrow           Conj/Erth      #####.       1%          3    None
g - Sting                 Conj/Pois      ####         1%          1    None
h - Conjure Flame         Conj/Fire      ######..     1%          3    None

Your spell library contained the following spells:

 Spells                   Type           Power        Failure   Level  Hunger
 Passwall                 Tmut/Erth      ###.....     1%          2    None
 Fulminant Prism          Conj/Hex       #####.....   1%          4    None
 Infusion                 Chrm           ##......     2%          1    None
 Irradiate                Conj/Tmut      #####.....   2%          5    None
 Lee's Rapid Deconstruct  Erth           ####......   3%          5    None
 Song of Slaying          Chrm           ##......     4%          2    None
 Ozocubu's Armour         Chrm/Ice       ##......     9%          3    None
 Regeneration             Chrm/Necr      ##........   9%          3    None
 Spectral Weapon          Hex/Chrm       ##......     9%          3    None
 Petrify                  Tmut/Erth      ###.....     11%         4    None


Dungeon Overview and Level Annotations

Branches:
Dungeon (8/12)             Temple (1/1) D:4
   Lair: D:7-9          Orc: D:8-11

Altars:
Ashenzari
Dithmenos
Elyvilon
Fedhas
Gozag
Hepliaklqana
Makhleb
Nemelex Xobeh
Okawaru
Sif Muna
Trog
Uskayaw
Vehumet
Wu Jian
Xom
Zin
The Shining One

Shops:
D:4 (   D:6 :   D:7 *[=*   D:8 *


Innate Abilities, Weirdness & Mutations

Your spells do not cause hunger and MP costs are reduced by 1.
Your bright wings attract enemies. (Stealth-)
You cannot fit into any form of body armour.
Your shimmering scales are hard and can block incoming attacks. (AC +6, SH +6)
You are small and have problems with some larger weapons.
You can fly continuously.


Message History

The searing ray hits the red very ugly thing!
The red very ugly thing is lightly wounded.
The red very ugly thing basks in the mutagenic energy from its kin and changes!
The searing ray hits the white very ugly thing!
The white very ugly thing is moderately wounded.
The searing ray hits the red very ugly thing!
The red very ugly thing is lightly wounded.
The searing ray hits the white very ugly thing.
The white very ugly thing is moderately wounded.
The searing ray misses the red very ugly thing.
You block the white very ugly thing's attack.
The searing ray hits the white very ugly thing!
The white very ugly thing is moderately wounded.
The searing ray hits the red very ugly thing!
The red very ugly thing is moderately wounded.
The white very ugly thing bites you!
The white very ugly thing freezes you!!!!
You feel a terrible chill!
Ouch! That really hurt!
You die...

........#..###...#.##..#..####
...........###..###.÷.#.#..#..###
...........# ###..###÷#.#..#..#..
...........# ###..#.#..#..#..##
...........# ####..#..#..####.
..........)# #.####....####...
...........# #.####..###...##
...........# ###.....###...)..#
.)...).....# #@#.#####......#.#
...[.#.....# #u#.###.........#..
...........# #u####..............
...........# ####................
...........####......##..........
...................######........
.................### ########.
..........######## ## ..........#
#


You could see 2 very ugly things.

Vanquished Creatures
  A two-headed ogre (D:5)
  Pikel (D:7)
  A yaktaur (D:8)
  Prince Ribbit (D:8)
  A troll (D:8)
  A slime creature (D:8)
  Sigmund (D:5)
  4 yaks (D:8)
  A hungry ghost (D:8)
  A vampire mosquito (D:8)
  Edmund (D:5)
  3 orc warriors
  An ice beast (D:6)
  A sky beast (D:7)
  A phantom (D:4)
  2 slaves (D:7)
  A black bear (D:6)
  An ogre (D:4)
  2 centaurs
  5 bullfrogs
  A big kobold (D:7)
  A gnoll sergeant (D:6)
  A water moccasin skeleton (D:6)
  A scorpion (D:3)
  3 howler monkeys
  A jelly (D:6)
  2 crimson imps (D:5)
  A bullfrog zombie (D:8)
  2 hounds (D:8)
  4 orc priests
  6 orc wizards
  Natasha (thrice) (D:4)
  3 iguanas
  3 worker ants
  2 hound zombies
  2 hound skeletons (D:8)
  Robin (D:4)
  14 adders
  3 gnolls (D:6)
  A howler monkey skeleton (D:3)
  3 shadow imps
  2 adder zombies
  2 adder skeletons
  4 worms
  2 dart slugs (D:3)
  5 leopard geckos
  23 orcs
  A giant cockroach (D:3)
  16 goblins
  10 hobgoblins
  6 jackals
  4 quokkas
  3 ball pythons
  6 bats
  3 frilled lizards
  A jackal skeleton (D:5)
  16 kobolds
  A leopard gecko zombie (D:6)
  8 rats
202 creatures vanquished.

Vanquished Creatures (others)
  A kobold (D:7)
1 creature vanquished.

Grand Total: 203 creatures vanquished

Notes
Turn   | Place    | Note
-------+----------+-------------------------------------------
     0 | D:1      | funkygono the Fairy Conjurer began the quest for the Orb.
     0 | D:1      | Reached XP level 1. HP: 11/11 MP: 6/6
    85 | D:1      | Reached skill level 5 in Conjurations
    99 | D:1      | Reached XP level 2. HP: 17/17 MP: 7/7
   104 | D:1      | Learned a level 2 spell: Searing Ray
   957 | D:2      | Reached XP level 3. HP: 21/21 MP: 9/9
   999 | D:2      | Found an iron altar of Okawaru.
  1056 | D:2      | Learned a level 3 spell: Iskenderun's Mystic Blast
  1168 | D:2      | Reached XP level 4. HP: 4/27 MP: 0/11
  1710 | D:2      | Found a faded altar of an unknown god.
  2351 | D:3      | Reached XP level 5. HP: 31/31 MP: 13/13
  2407 | D:3      | Found a blossoming altar of Fedhas.
  3012 | D:3      | Reached XP level 6. HP: 34/36 MP: 12/15
  3144 | D:4      | Found a hide-covered altar of Uskayaw.
  3146 | D:4      | Noticed Natasha
  3151 | D:4      | Killed Natasha
  3151 | D:4      | Reached skill level 5 in Spellcasting
  3286 | D:4      | Found a staircase to the Ecumenical Temple.
  3290 | D:4      | Noticed Natasha
  3302 | D:4      | Noticed Robin
  3308 | D:4      | Killed Robin
  3330 | D:4      | Killed Natasha
  3332 | D:4      | Noticed Natasha
  3336 | D:4      | Killed Natasha
  3393 | Temple   | Entered the Ecumenical Temple
  3455 | Temple   | Became a worshipper of Vehumet
  3554 | D:4      | Found a shimmering blue altar of Sif Muna.
  3620 | D:4      | Found a sparkling altar of Nemelex Xobeh.
  3620 | D:4      | Noticed a phantom
  3632 | D:4      | Found an opulent altar of Gozag.
  3638 | D:4      | Killed a phantom
  3638 | D:4      | Reached XP level 7. HP: 32/42 MP: 16/18
  3788 | D:4      | Found Buirche's Antique Weapon Boutique.
  4139 | D:5      | Entered Level 5 of the Dungeon
  4329 | D:5      | Identified the +2 buckler of Demons {rC- rN+ rCorr}
  4337 | D:5      | Reached * piety under Vehumet
  4337 | D:5      | Offered knowledge of Flame Tongue by Vehumet.
  4345 | D:5      | Learned a level 1 spell: Flame Tongue
  4347 | D:5      | Noticed Edmund
  4358 | D:5      | Killed Edmund
  4358 | D:5      | Reached XP level 8. HP: 47/47 MP: 3/21
  4473 | D:5      | Noticed a two-headed ogre
  4478 | D:5      | Noticed Sigmund
  4493 | D:5      | Killed a two-headed ogre
  4493 | D:5      | Reached skill level 1 in Fighting
  4493 | D:5      | Reached skill level 1 in Short Blades
  4495 | D:5      | Killed Sigmund
  4495 | D:5      | Reached XP level 9. HP: 24/53 MP: 11/24
  5097 | D:5      | Learned a level 1 spell: Sandblast
  5101 | D:5      | Learned a level 3 spell: Stone Arrow
  5478 | D:6      | Reached skill level 10 in Conjurations
  5478 | D:6      | Reached skill level 1 in Earth Magic
  5569 | D:6      | Reached skill level 1 in Shields
  5973 | D:6      | Found Faer's Book Shop.
  6219 | D:7      | Reached skill level 5 in Fire Magic
  6382 | D:7      | Offered knowledge of Sting by Vehumet.
  6385 | D:7      | Learned a level 1 spell: Sting
  6430 | D:7      | Found Sijadaas's Antique Armour Boutique.
  6531 | D:7      | Noticed Pikel
  6540 | D:7      | Killed Pikel
  6540 | D:7      | Reached skill level 10 in Spellcasting
  6540 | D:7      | Reached skill level 1 in Poison Magic
  6540 | D:7      | Reached XP level 10. HP: 59/59 MP: 18/26
  6601 | D:7      | Found a glowing golden altar of the Shining One.
  6677 | D:7      | Found Kafiwnol's General Store.
  6685 | D:7      | Reached ** piety under Vehumet
  6945 | D:7      | Found a shimmering altar of Xom.
  6979 | D:7      | Found Rafuex's General Store.
  6998 | D:7      | Found Gurrekem's Jewellery Shoppe.
  7184 | D:8      | Noticed Prince Ribbit
  7189 | D:8      | Killed Prince Ribbit
  7335 | D:8      | Offered knowledge of Ignite Poison by Vehumet.
  7525 | D:8      | Reached *** piety under Vehumet
  7607 | D:8      | Found Kureah's Assorted Antiques.
  7733 | D:8      | Offered knowledge of Conjure Flame by Vehumet.
  7738 | D:8      | Learned a level 3 spell: Conjure Flame
  7804 | D:8      | Identified the ring of Kesma {Wiz rElec Int+3 Dex+4}
  8044 | D:8      | Noticed a green very ugly thing
  8044 | D:8      | Noticed a red very ugly thing
  8050 | D:8      | Annihilated by a white very ugly thing

Skill      XL: |  1  2  3  4  5  6  7  8  9 10 |
---------------+-------------------------------+-----
Conjurations   | 5 6 7 8 9 10 11 | 11.1
Spellcasting   | 3 4 6 7 9 10 11 | 11.2
Dodging        | 3 4 |  4.8
Stealth        | 2 |  2.7
Fighting       | 1 |  1.4
Short Blades   | 1 |  1.3
Fire Magic     | 3 5 6 |  6.4
Earth Magic    | 3 4 |  4.8
Shields        | 2 |  2.8
Poison Magic   | 1 3 |  3.8

Action                   |  1- 3 |  4- 6 |  7- 9 | 10-12 || total
-------------------------+-------+-------+-------+-------++-------
Melee: Dagger            |       |     2 |       |       ||     2
 Cast: Magic Dart        |    45 |   120 |    72 |    42 ||   279
       Searing Ray       |     7 |    23 |    18 |    18 ||    66
       Flame Tongue      |       |       |    37 |    17 ||    54
       Iskenderun's Myst |       |       |    11 |    11 ||    22
       Sandblast         |       |       |     7 |     2 ||     9
       Sting             |       |       |       |    14 ||    14
  Use: Scroll            |     3 |     9 |     6 |     2 ||    20
  Eat: Chunk             |     1 |     3 |     6 |     5 ||    15
       Ration            |       |     1 |     1 |       ||     2
Armor: Skin              |       |    10 |     6 |     4 ||    20
Dodge: Dodged            |    15 |    16 |    32 |    22 ||    85
Block: Other             |     4 |     5 |     5 |       ||    14
       Buckler           |       |       |    23 |    28 ||    51
